 Dungeon Crawl Stone Soup version 0.30.1-11-g7821555f0a (webtiles) character file.

Game seed: 1685376852410708675

413 BigPumpCobain the Changer (level 6, -2/47 HPs)
             Began as a Draconian Transmuter on Dec 3, 2023.
             Succumbed to a water moccasin's poison
             ... on level 3 of the Dungeon.
             The game lasted 00:07:40 (2835 turns).

BigPumpCobain the Changer (Draconian Transmuter)    Turns: 2835, Time: 00:07:41

Health: -2/47      AC:  2    Str: 13    XL:     6   Next: 59%
Magic:  9/9        EV: 19    Int: 15    God:
Gold:   152        SH:  0    Dex: 16    Spells: 5/9 levels left

rFire   . . .        b - melded +0 short sword
rCold   . . .        (shield currently unavailable)
rNeg    . . .        (body armour unavailable)
rPois   x            (helmet currently unavailable)
rElec   .            (cloak currently unavailable)
rCorr   .            (gloves currently unavailable)
SInv    .            (boots currently unavailable)
Will    .....        (no amulet)
Stlth   +            (no ring)
HPRegen 0.27/turn    (no ring)
MPRegen 0.11/turn

%: no passive effects
@: brilliant, lethally poisoned (-2 -> -13), spider-form
A: venomous fangs, AC +6, tiny, unfitting armour, (cold-blooded)
a: End Transformation


You were on level 3 of the Dungeon.
You were a venomous arachnid creature.
You visited 1 branch of the dungeon, and saw 3 of its levels.

You collected 152 gold pieces.

Inventory:

Hand Weapons
 b - a +0 short sword (melded)
Missiles
 a - 2 throwing nets
Jewellery
 i - a ring of flight
 l - a ring of wizardry
Wands
 f - a wand of digging (2)
Scrolls
 c - 5 scrolls of identify {unknown}
 d - 2 scrolls of amnesia {unknown}
 e - a scroll of teleportation {unknown}
 h - a scroll of poison {unknown}
 j - a scroll of magic mapping {unknown}
 m - 2 scrolls of vulnerability {unknown}
 n - a scroll of noise {unknown}
 o - a scroll of blinking {unknown}
Potions
 g - 2 potions of attraction
 p - a potion of brilliance


   Skills:
 - Level 1.1 Fighting
 - Level 1.7 Dodging
 - Level 3.0 Unarmed Combat
 - Level 2.0 Spellcasting
 + Level 7.2 Transmutations


You had 5 spell levels left.
You knew the following spells:

 Your Spells              Type           Power      Damage    Failure   Level
a - Beastly Appendage     Tmut           68%        N/A       5%          1
b - Spider Form           Tmut/Pois      18%        N/A       34%         3

Your spell library contained the following spells:

 Spells                   Type           Power      Damage    Failure   Level
 Wereblood                Tmut           34%        N/A       8%          2
 Ice Form                 Ice/Tmut       18%        N/A       67%         4


Dungeon Overview and Level Annotations

Branches:
Dungeon (3/15)

Altars:
Xom

Shops:
D:2 (


Innate Abilities, Weirdness & Mutations

You are a venomous arachnid creature.
You have venomous fangs.
You are tiny and dextrous.
Your spellcasting is less reliable in this form.
Your armour is entirely melded.
You are incapable of wielding weapons or throwing items.
((Your plain brown scales are hard. (AC +6)))
You cannot fit into any form of body armour.
((You are cold-blooded and may be slowed by cold attacks.))


Message History

You feel very sick. The water moccasin bites you.
The water moccasin barely misses you.
Casting: Spider Form (dangerous; 17% risk of failure)
Confirm with . or Enter, or press ? or * to list all spells.
You turn into a venomous arachnid creature.
Your +0 short sword melds into your body.
You feel very sick. The water moccasin barely misses you.
You hit the water moccasin.
The water moccasin is poisoned.
The water moccasin is severely wounded.
You feel very sick. The water moccasin misses you.
You hit the water moccasin.
The water moccasin is almost dead.
You feel sick. The water moccasin barely misses you.
The water moccasin bites you.
You are lethally poisoned!
The water moccasin poisons you!
You hit the water moccasin.
You kill the water moccasin!
You feel very sick.
Your Transmutations skill increases to level 7!
You are too injured to fight recklessly!
You are too injured to fight recklessly!
You are too injured to fight recklessly!
You are too injured to fight recklessly!
You hit the orc.
The orc is poisoned.
The orc is lightly wounded.
You feel very sick. The orc hits you with a +0 hand axe!
* * * LOW HITPOINT WARNING * * *
* * * LOW HITPOINT WARNING * * *
You feel very sick.
It was a potion of brilliance.
You feel clever all of a sudden.
* * * LOW HITPOINT WARNING * * *
You feel very sick. The orc misses you.
It was a potion of magic.
Magic courses through your body.
You die...

#...................<.....
##########.......##.......
#....#.....#.....
#....##..#.......
########....##..........
#.....##....#..<..####..
#.....#####.............
#.....>.....###..#####..
#......so#### #..# #..
#.....##o{..###..# ###
###########..##..#
##.######### #.o.........
#.o#...#... #.o.........
#..#...#...# #...........


You could see 2 orcs.

Vanquished Creatures
  Sigmund (D:3)
  A water moccasin (D:3)
  Terence (D:2)
  Natasha (D:2)
  2 adders
  2 worms (D:2)
  2 dart slugs (D:1)
  3 orcs (D:3)
  6 endoplasms
  A giant cockroach (D:2)
  5 goblins
  2 hobgoblins
  7 jackals
  3 quokkas
  3 ball pythons
  4 bats
  8 frilled lizards
  7 kobolds
  3 rats
62 creatures vanquished.

Notes
Turn   | Place    | Note
-------+----------+-------------------------------------------
     0 | D:1      | BigPumpCobain the Draconian Transmuter began the quest for
                  | the Orb.
     0 | D:1      | Reached XP level 1. HP: 16/16 MP: 3/3
   146 | D:1      | Reached XP level 2. HP: 22/23 MP: 3/5
   202 | D:1      | Reached skill level 3 in Transmutations
   885 | D:2      | Reached XP level 3. HP: 28/28 MP: 4/6
   931 | D:2      | Learned a level 3 spell: Spider Form
   942 | D:2      | Found Haxairphuz's Antique Weapon Emporium.
  1149 | D:2      | Reached skill level 4 in Transmutations
  1264 | D:2      | Found a faded altar of an unknown god.
  1629 | D:2      | Noticed Terence
  1650 | D:2      | Killed Terence
  1651 | D:2      | Reached XP level 4. HP: 12/35 MP: 2/7
  1948 | D:2      | Noticed Natasha
  1962 | D:2      | Killed Natasha
  2131 | D:3      | Reached skill level 5 in Transmutations
  2306 | D:3      | Found a shimmering altar of Xom.
  2306 | D:3      | Found a shimmering altar of Xom.
  2306 | D:3      | Found a shimmering altar of Xom.
  2309 | D:3      | Found a shimmering altar of Xom.
  2309 | D:3      | Found a shimmering altar of Xom.
  2311 | D:3      | Found a shimmering altar of Xom.
  2723 | D:3      | Noticed Sigmund
  2747 | D:3      | Killed Sigmund
  2748 | D:3      | Reached skill level 6 in Transmutations
  2748 | D:3      | Reached XP level 5. HP: 40/40 MP: 8/8
  2748 | D:3      | Reached XP level 6. HP: 47/47 MP: 9/9
  2800 | D:3      | Noticed a water moccasin
  2831 | D:3      | Killed a water moccasin
  2832 | D:3      | Reached skill level 7 in Transmutations
  2834 | D:3      | HP: 1/47 [poisoned by a water moccasin]
  2835 | D:3      | Succumbed to a water moccasin's poison

Illustrated notes

Levels and vault maps discovered:
D:1:      lemuel_arrival_funnel, layout_basic, serial_glass, glass_columns_b,
          glass_columns_b, chequers_serial_rivers_room_b, st_stairs_13
D:2:      layout_loops_ring, basic_ecumenical_altar, serial_shops,
          nicolae_shop_hallway_stairs, uniq_terence, uniq_natasha
D:3:      layout_rooms, xom_redecorated, lemuel_coloured_pillars_altar,
          kennysheep_boxes, uniq_sigmund

Skill      XL: |  1  2  3  4  5  6 |
---------------+-------------------+-----
Transmutations | 3 4 6 7 |  7.2
Fighting       | |  1.1
Dodging        | |  1.7
Unarmed Combat | |  3.0
Spellcasting   | |  2.0

Action                     |  1- 3 |  4- 6 || total
---------------------------+-------+-------++-------
  Melee: Unarmed           |    32 |    45 ||    77
         Short sword       |    88 |    23 ||   111
         Kick              |    11 |     1 ||    12
         Tailslap          |     7 |     2 ||     9
         Headbutt          |     6 |     3 ||     9
   Cast: Beastly Appendage |    13 |     3 ||    16
         Spider Form       |     9 |    12 ||    21
    Use: Potion            |       |     7 ||     7
 Armour: Skin              |    32 |    12 ||    44
  Dodge: Dodged            |   105 |    56 ||   161
